 Dungeon Crawl Stone Soup version 0.29.1-4-g47bece8355 (webtiles) character file.

Game seed: 15368171605799641374

23 scionoferis the Vexing (level 2, -1/16 HPs)
             Began as a Deep Elf Arcane Marksman on Dec 5, 2022.
             Slain by a gnoll
             ... wielding a +0 club
              (4 damage)
             ... on level 2 of the Dungeon.
             The game lasted 00:01:53 (950 turns).

scionoferis the Vexing (Deep Elf Arcane Marksman)    Turns: 950, Time: 00:01:54

Health: -1/16      AC:  2    Str:  7    XL:     2   Next: 75%
Magic:  7/7        EV: 13    Int: 17    God:
Gold:   43         SH:  0    Dex: 15    Spells: 5/6 levels left

rFire   . . .      SeeInvis .   b - +1 sling
rCold   . . .      Faith    .   (no shield)
rNeg    . . .      Spirit   .   c - +0 robe
rPois   .          Reflect  .   (no helmet)
rElec   .          Harm     .   (no cloak)
rCorr   .          Rampage  .   (no gloves)
Will    .....                   (no boots)
Stlth   +.........              j - amulet of the acrobat
HPRegen 0.05/turn               (no ring)
MPRegen 0.10/turn               (no ring)

@: no status effects
A: no striking features
a: no special abilities


You were on level 2 of the Dungeon.
You visited 1 branch of the dungeon, and saw 2 of its levels.

You collected 43 gold pieces.


   Skills:
 + Level 1.4 Fighting
 - Level 2.6 Ranged Weapons
 + Level 3.0 Dodging
 + Level 2.5 Spellcasting
 - Level 4.0 Hexes


You had 5 spell levels left.
You knew the following spells:

 Your Spells              Type           Power      Damage    Failure   Level
a - Slow                  Hex            60%        N/A       3%          1

Your spell library contained the following spells:

 Spells                   Type           Power      Damage    Failure   Level
 Inner Flame              Hex/Fire       8%         N/A       24%         3
 Portal Projectile        Hex/Tloc       16%        N/A       24%         3
 Cause Fear               Hex            7%         N/A       34%         4

Inventory:

Hand Weapons
 a - a +1 dagger of flaming
   (You took it off a kobold on level 2 of the Dungeon)
 b - a +1 sling (weapon)
Armour
 c - a +0 robe (worn)
Jewellery
 e - an amulet of magic regeneration
   (You found it on level 1 of the Dungeon)
 j - an amulet of the acrobat (around neck)
   (You found it on level 2 of the Dungeon)
Scrolls
 d - a scroll of poison
 f - a scroll of blinking {unknown}
 g - a scroll of identify {unknown}
 i - 2 scrolls of fog {unknown}
Potions
 h - a potion of degeneration {unknown}

Dungeon Overview and Level Annotations

Branches:
Dungeon (1/15)

Altars:

### #.#.########## ..
#.#####.#........gg. ..
#.........#..##########.
##.##...#.#....# #.. ..
##...##..#.#.##.# #.# #.
###..≈..#.##.#..#.####.# #.
#...≈≈≈......##........# #†
#.#..≈..#.#####........###.
#.##...##.@g.##............
#..##.######.##g#'##.......
##.#......##.##g#.##.......
#.........#.##.#.##.......
######....#.##.#.##.......
#....#.##.#.##....)..
#....#.##.#.#########
#....#....#.# #....######.#
#####


You could see a gnoll.


Message History

Welcome, scionoferis the Deep Elf Arcane Marksman.
The Orb of Zot is coveted for many reasons.
Will you seize it for your own?
Press ? for a list of commands and other information.
Found a staircase leading out of the dungeon.
d - a scroll labelled DINOIHUMUL You now have 11 gold pieces.
You see here a +0 leather armour.
You open the door.
There is an open door here.
You open the door.
There is an open door here.
A rat comes into view.
You shoot a sling bullet.
The sling bullet hits the rat but does no damage.
You shoot a sling bullet.
The sling bullet hits the rat but does no damage.
You shoot a sling bullet. The sling bullet hits the rat.
You kill the rat!
No target in view!
No target in view!
Found a stone staircase leading down.
e - an amulet of magic regeneration You start putting on your amulet.
You continue putting on your amulet of magic regeneration. x5
You finish putting on your amulet of magic regeneration.
e - an amulet of magic regeneration (around neck)
f - a scroll labelled TULAEMI QOTO A kobold comes into view.
It is wielding a +0 dagger.
You shoot a sling bullet. The sling bullet hits the kobold.
You kill the kobold!
No target in view!
No target in view!
No target in view!
Things that are here:
a +0 dagger; a kobold corpse
g - a +0 dagger Adjust to which letter? (? for menu, Esc to quit)
a - a +0 dagger;
g - a +1 sling (weapon)
Adjust to which letter? (? for menu, Esc to quit)
d - a +1 sling (weapon);
g - a scroll labelled DINOIHUMUL Adjust (i)tems, (s)pells, or (a)bilities?
Okay, then.
Unknown command.
Adjust to which letter? (? for menu, Esc to quit)
b - a +1 sling (weapon);
d - a scroll of poison A bat comes into view.
You shoot a sling bullet.
The sling bullet hits the bat but does no damage.
You shoot a sling bullet. The sling bullet misses the bat.
The bat barely misses you.
You shoot a sling bullet. The sling bullet hits the bat.
You kill the bat!
No target in view!
No target in view!
You see here a bat corpse.
A giant cockroach comes into view.
A giant cockroach is nearby!
You shoot a sling bullet.
The sling bullet hits the giant cockroach.
The giant cockroach is almost dead.
You shoot a sling bullet.
The sling bullet hits the giant cockroach.
You kill the giant cockroach!
Your Fighting skill increases to level 1!
No target in view!
No target in view!
A bat comes into view.
You shoot a sling bullet. The sling bullet hits the bat.
The bat is severely wounded.
You shoot a sling bullet.
The sling bullet closely misses the bat.
The bat closely misses you. The bat hits you but does no damage.
You shoot a sling bullet. The sling bullet barely misses the bat.
The bat barely misses you.
A kobold comes into view. It is wielding a +0 dagger.
You shoot a sling bullet.
The sling bullet barely misses the kobold.
The bat closely misses you.
You shoot a sling bullet.
The sling bullet hits the kobold but does no damage.
The bat completely misses you. The kobold closely misses you.
You shoot a sling bullet.
The sling bullet closely misses the kobold.
The bat hits you but does no damage.
The kobold hits you with a +0 dagger. x2
You shoot a sling bullet.
The sling bullet hits the kobold but does no damage.
The bat misses you. The kobold barely misses you.
You shoot a sling bullet. The sling bullet barely misses the bat.
The bat barely misses you. The bat closely misses you.
The kobold closely misses you.
You shoot a sling bullet. The sling bullet hits the bat.
You kill the bat!
The kobold completely misses you.
You shoot a sling bullet.
The sling bullet barely misses the kobold.
The kobold hits you with a +0 dagger. The kobold closely misses you.
You are too injured to fight recklessly!
You are too injured to fight recklessly!
You are too injured to fight recklessly!
You are too injured to fight recklessly!
Fire: b) +1 sling
Press: ? - help, Q - select action, (/) - cycle Shift-Dir - straight line, f/p - kobold
Aim: a kobold, wielding a +0 dagger (50% to hit)
You shoot a sling bullet.
The sling bullet closely misses the kobold.
The kobold barely misses you.
Fire: b) +1 sling
Press: ? - help, Q - select action, (/) - cycle Shift-Dir - straight line, f/p - kobold
Aim: a kobold, wielding a +0 dagger (50% to hit)
You shoot a sling bullet. The sling bullet hits the kobold.
The kobold is moderately wounded.
The kobold barely misses you.
Fire: b) +1 sling
Press: ? - help, Q - select action, (/) - cycle Shift-Dir - straight line, f/p - kobold
Aim: a kobold, wielding a +0 dagger (moderately wounded, 50% to hit)
You shoot a sling bullet.
The sling bullet barely misses the kobold.
The kobold barely misses you.
Fire: b) +1 sling
Press: ? - help, Q - select action, (/) - cycle Shift-Dir - straight line, f/p - kobold
Aim: a kobold, wielding a +0 dagger (moderately wounded, 50% to hit)
You shoot a sling bullet.
The sling bullet barely misses the kobold.
The kobold hits you with a +0 dagger.
* * * LOW HITPOINT WARNING * * *
The kobold hits you but does no damage.
Fire: b) +1 sling
Press: ? - help, Q - select action, (/) - cycle Shift-Dir - straight line, f/p - kobold
Aim: a kobold, wielding a +0 dagger (moderately wounded, 50% to hit)
You shoot a sling bullet.
The sling bullet closely misses the kobold.
The kobold closely misses you.
Fire: b) +1 sling
Press: ? - help, Q - select action, (/) - cycle Shift-Dir - straight line, f/p - kobold
Aim: a kobold, wielding a +0 dagger (moderately wounded, 50% to hit)
You shoot a sling bullet. The sling bullet hits the kobold.
You kill the kobold!
Your Spellcasting skill increases to level 2!
You see here a +0 dagger.
You start resting.
HP restored.
You open the door.
There is an open door here.
You open the door.
There is an open door here.
Found a whip.
You now have 26 gold pieces (gained 15).
You see here a +0 whip.
You now have 43 gold pieces (gained 17).
Found 7 stones.
A frilled lizard comes into view.
The frilled lizard hisses angrily.
You see here 7 stones.
You shoot a sling bullet.
The sling bullet barely misses the frilled lizard.
You shoot a sling bullet.
The sling bullet hits the frilled lizard.
You kill the frilled lizard!
No target in view!
No target in view!
Found a stone staircase leading down.
No target in view!
A bat comes into view.
The bat barely misses you. The bat hits you but does no damage.
You shoot a sling bullet. The sling bullet misses the bat.
The bat barely misses you. x2
You shoot a sling bullet. The sling bullet hits the bat.
The bat is heavily wounded.
The bat closely misses you.
You shoot a sling bullet. The sling bullet misses the bat.
The bat closely misses you. The bat hits you but does no damage.
You shoot a sling bullet. The sling bullet barely misses the bat.
The bat closely misses you.
You shoot a sling bullet. The sling bullet misses the bat.
The bat hits you.
You shoot a sling bullet.
The sling bullet closely misses the bat.
The bat hits you but does no damage.
You shoot a sling bullet. The sling bullet barely misses the bat.
The bat closely misses you.
You shoot a sling bullet. The sling bullet barely misses the bat.
The bat barely misses you. The bat closely misses you.
You shoot a sling bullet.
The sling bullet closely misses the bat.
The bat barely misses you. The bat closely misses you.
You shoot a sling bullet. The sling bullet misses the bat.
The bat closely misses you. The bat hits you but does no damage.
You shoot a sling bullet. The sling bullet barely misses the bat.
The bat closely misses you. The bat misses you.
You shoot a sling bullet. The sling bullet hits the bat.
You kill the bat!
You have reached level 2!
There is a stone staircase leading down here.
You see here a bat corpse.
Found a stone staircase leading down.
Okay, then.
There is a stone staircase leading down here.
A kobold comes into view. It is wielding a +0 dagger.
A sourceless malevolence fills the Dungeon...
You fall into a shaft and drop 1 floor!
The shaft crumbles and collapses.
Found a robe.
You see here a +0 robe.
h - a lumpy cyan potion
Found a club.
i - 2 scrolls labelled KUKOXETAVE A quokka comes into view.
You shoot a sling bullet. The sling bullet hits the quokka.
The quokka is heavily wounded.
You shoot a sling bullet. The sling bullet hits the quokka.
You kill the quokka!
No target in view!
A kobold comes into view. It is wielding a +1 dagger of flaming.
The kobold shouts!
You hear an angry hiss.
You shoot a sling bullet.
The sling bullet barely misses the kobold.
You shoot a sling bullet. The sling bullet hits the kobold.
The kobold is severely wounded.
You shoot a sling bullet. The sling bullet hits the kobold!
You kill the kobold!
No target in view!
No target in view!
A quokka comes into view.
The quokka moves out of view.
A ball python comes into view.
You shoot a sling bullet.
The sling bullet barely misses the ball python.
The ball python bites you. The ball python barely misses you.
You shoot a sling bullet. The sling bullet hits the ball python.
The ball python is heavily wounded.
The ball python bites you. The ball python grabs you.
The ball python constricts you. The ball python closely misses you.
The ball python constricts you.
You shoot a sling bullet.
The sling bullet barely misses the ball python.
The sling bullet closely misses the quokka.
The ball python barely misses you. The ball python constricts you.
You shoot a sling bullet.
The sling bullet closely misses the ball python.
The sling bullet hits the quokka.
The quokka is heavily wounded.
The ball python closely misses you. The ball python constricts you.
The ball python bites you. The ball python constricts you.
You shoot a sling bullet. The sling bullet hits the ball python.
The ball python is severely wounded.
The ball python bites you but does no damage.
The ball python constricts you.
You shoot a sling bullet. The sling bullet hits the ball python.
You kill the ball python!
You shoot a sling bullet. The sling bullet hits the quokka!
You kill the quokka!
No target in view!
You start resting.
HP restored.
You see here a quokka corpse.
Things that are here:
a +1 dagger of flaming; a kobold corpse
j - a +1 dagger of flaming Adjust to which letter? (? for menu, Esc to quit)
a - a +1 dagger of flaming;
j - a +0 dagger You drop a +0 dagger.
j - an amulet of the acrobat You start removing your amulet.
You continue taking off your amulet of magic regeneration. x4
You finish taking off your amulet of magic regeneration.
You start putting on your amulet.
You continue putting on your amulet of the acrobat. x5
You finish putting on your amulet of the acrobat.
You feel ready to tumble and roll out of harm's way.
j - an amulet of the acrobat (around neck) As you open the door, it creaks loudly!
There is an open door here.
You open the door.
There is an open door here.
A gnoll comes into view. It is wielding a +0 flail.
The gnoll shouts!
A gnoll comes into view. It is wielding a +0 club.
The gnoll shouts!
You hear a shout! x2
You shoot a sling bullet. The sling bullet hits the gnoll.
The gnoll is lightly wounded.
You shoot a sling bullet. The sling bullet hits the gnoll.
The gnoll is lightly wounded.
You shoot a sling bullet. The sling bullet hits the gnoll.
The gnoll is heavily wounded.
You shoot a sling bullet.
The sling bullet barely misses the gnoll.
The gnoll closely misses you.
You shoot a sling bullet. The sling bullet hits the gnoll.
The gnoll is almost dead.
The gnoll misses you. The gnoll hits you with a +0 flail.
You shoot a sling bullet. The sling bullet hits the gnoll.
The gnoll is moderately wounded.
The gnoll closely misses you.
You shoot a sling bullet. The sling bullet hits the gnoll!
The gnoll is almost dead.
The gnoll hits you with a +0 club.
You are too injured to fight recklessly!
You are too injured to fight recklessly!
Fire: b) +1 sling
Press: ? - help, Q - select action, (/) - cycle Shift-Dir - straight line, f/p - gnoll
Aim: a gnoll, wielding a +0 club (almost dead, 61% to hit)
You shoot a sling bullet.
The sling bullet barely misses the gnoll.
The sling bullet hits the gnoll but does no damage.
The gnoll is almost dead.
The gnoll hits you with a +0 club.
Fire: b) +1 sling
Press: ? - help, Q - select action, (/) - cycle Shift-Dir - straight line, f/p - gnoll
Aim: a gnoll, wielding a +0 club (almost dead, 61% to hit)
You shoot a sling bullet. The sling bullet hits the gnoll.
You kill the gnoll!
Your Dodging skill increases to level 3!
Fire: b) +1 sling
Press: ? - help, Q - select action, (/) - cycle Shift-Dir - straight line, f/p - gnoll
Aim: a gnoll, wielding a +0 club (almost dead, 61% to hit)
You shoot a sling bullet.
The sling bullet completely misses the gnoll.
The gnoll hits you with a +0 club.
* * * LOW HITPOINT WARNING * * *
Fire: b) +1 sling
Press: ? - help, Q - select action, (/) - cycle Shift-Dir - straight line, f/p - gnoll
Aim: a gnoll, wielding a +0 club (almost dead, 61% to hit)
You shoot a sling bullet.
The sling bullet barely misses the gnoll.
The gnoll hits you with a +0 club.
You die...

Skill      XL: |  1  2 |
---------------+-------+-----
Fighting       | 1 |  1.4
Spellcasting   | 2 |  2.5
Dodging        | 3 |  3.0
Ranged Weapons | |  2.6
Hexes          | |  4.0

Action                   || total
-------------------------++-------
 Fire: Sling             ||    62
Armor: Robe              ||     8
Dodge: Dodged            ||    38

Levels and vault maps discovered:
D:1:      psy_arrival_radial02, layout_basic,
          hellmonk_ecumenical_altar_watching_god, chequers_serial_rivers_micro_a
D:2:      layout_basic, amcnicky_mini_pool_small

Notes
Turn   | Place    | Note
-------+----------+-------------------------------------------
     0 | D:1      | scionoferis the Deep Elf Arcane Marksman began the quest
                  | for the Orb.
     0 | D:1      | Reached XP level 1. HP: 11/11 MP: 5/5
   189 | D:1      | Reached skill level 1 in Fighting
   236 | D:1      | Reached skill level 2 in Spellcasting
   533 | D:1      | Reached XP level 2. HP: 15/16 MP: 7/7
   572 | D:1      | You fall into a shaft and drop 1 floor!
   949 | D:2      | Reached skill level 3 in Dodging
   950 | D:2      | Slain by a gnoll

Vanquished Creatures
  A gnoll (D:2)
  A ball python (D:2)
  A giant cockroach (D:1)
  3 kobolds (D:1 D:2)
  2 quokkas (D:2)
  3 bats (D:1)
  A frilled lizard (D:1)
  A rat (D:1)
13 creatures vanquished.

Table legend: (Time is in decaauts)
 A = Elapsed time spent in this place.
 B = Non-inter-level travel time spent in this place.
 C = Inter-level travel time spent in this place.
 D = Time resting spent in this place.
 E = Time spent auto-exploring this place.
 F = Levels seen in this place.
 G = Mean time per level.
                   A        B        C        D        E       F      G
               +--------+--------+--------+--------+--------+-----+--------+
         Total |    966 |    966 |      0 |    329 |    469 |   2 |  483.0 |
       Dungeon |    966 |    966 |      0 |    329 |    469 |   2 |  483.0 |
               +--------+--------+--------+--------+--------+-----+--------+

Top non-repeatable levels by time:
     D:1: 582 daAuts
     D:2: 383 daAuts

Table legend:
 A = Non-vault XP
 B = Vault XP
 C = Vault XP percentage of total XP
 D = Non-vault monster count
 E = Vault monster count
 F = Vault count percentage of total count
                 A         B        C        D         E       F
            +---------+---------+-------+---------+---------+-------
      Total |      34 |       0 |   0.0 |      13 |       0 |   0.0
            +---------+---------+-------+---------+---------+-------
        D:1 |      13 |       0 |   0.0 |       8 |       0 |   0.0
        D:2 |      21 |       0 |   0.0 |       5 |       0 |   0.0
            +---------+---------+-------+---------+---------+-------
